AoeStats
← [KMNB] Bandeira

Lombardia

508869756Analyzed
2v2 RM · 8d ago on Sep 24, 2026· 49m 39s· 4 players
Game mode
Random Map
Map size
Medium (4 player)
Population
200
Speed
Normal
Resources
Standard
Victory
Conquest
Starting age
Dark Age
Ending age
Imperial Age
RankedLock teamsTeams togetherTeam positionsShared explorationLock speedFull tech treeHidden civsTurbo modeCheats
Victory
Defeat
🇧🇷 Magyars · Brazil
1617
+9
🇧🇷 Italians · Brazil
1554
+11
🇨🇴 Spanish · Colombia
1493
-11
🇸🇪 Bulgarians · Sweden
1411
-9
MZTK | KaLiuM
8:12 Loom
10:46 Feudal Age
11:27 Double-Bit Axe
13:40 Town Watch
13:40 Horse Collar
14:10 Fletching
17:26 Wheelbarrow
16:58 Gold Mining
18:17 Padded Archer Armor
22:34 Castle Age
23:32 Thumb Ring
23:49 Hand Cart
25:20 Scale Barding Armor
25:39 Bloodlines
26:36 Bow Saw
28:31 Chain Barding Armor
31:33 Husbandry
32:33 Stone Mining
34:12 Forging
34:32 Heavy Plow
35:34 Iron Casting
39:01 Imperial Age
39:02 Cavalier
40:21 Plate Barding Armor
40:47 Blast Furnace
41:21 Two-Man Saw
41:00 Paladin
45:28 Conscription
45:59 Caravan
amaoko21
7:51 Loom
10:04 Feudal Age
11:46 Town Watch
14:59 Castle Age
13:01 Double-Bit Axe
22:49 Horse Collar
23:25 Fletching
23:50 Bodkin Arrow
25:06 Ballistics
25:57 Masonry
27:08 Wheelbarrow
27:33 Gold Mining
28:19 Scale Barding Armor
28:25 Forging
30:24 Chain Barding Armor
30:45 Hand Cart
30:49 Heavy Plow
31:49 Gold Shaft Mining
35:08 Imperial Age
35:24 Heavy Scorpion
36:09 Bracer
36:23 Bow Saw
37:31 Conscription
39:10 Crop Rotation
39:38 Architecture
40:09 Chemistry
39:09 Stone Mining
40:12 Plate Barding Armor
40:13 Iron Casting
41:12 Stirrups
43:00 Bloodlines
42:51 Husbandry
42:12 Light Cavalry
43:46 Stone Shaft Mining
43:56 Hussar
47:06 Blast Furnace
46:07 Scale Mail Armor
46:21 Siege Engineers
[KMNB] Dedão
6:26 Loom
9:08 Feudal Age
11:01 Double-Bit Axe
12:30 Fletching
16:03 Horse Collar
21:14 Castle Age
19:36 Padded Archer Armor
20:07 Gold Mining
20:10 Stone Mining
22:01 Bodkin Arrow
21:28 Crossbowman
23:15 Bow Saw
23:48 Ballistics
27:57 Heavy Plow
29:14 Wheelbarrow
30:55 Hand Cart
34:04 Imperial Age
34:03 Stone Shaft Mining
33:41 Masonry
34:10 Thumb Ring
35:56 Chemistry
34:20 Elite Genoese Crossbowman
35:21 Town Watch
36:33 Coinage
36:15 Bracer
38:38 Conscription
40:09 Two-Man Saw
40:10 Leather Archer Armor
40:01 Scale Barding Armor
40:21 Caravan
41:02 Crop Rotation
40:54 Bloodlines
41:21 Ring Archer Armor
41:02 Forging
40:58 Scale Barding Armor
40:55 Husbandry
41:15 Light Cavalry
42:04 Hussar
43:20 Town Patrol
44:07 Iron Casting
44:59 Chain Barding Armor
47:28 Plate Barding Armor
47:54 Blast Furnace
[KMNB] Bandeira
6:50 Loom
9:18 Feudal Age
10:06 Double-Bit Axe
14:02 Horse Collar
20:33 Castle Age
19:58 Bloodlines
19:40 Gold Mining
22:09 Husbandry
23:45 Wheelbarrow
24:28 Scale Barding Armor
26:12 Chain Barding Armor
31:34 Bow Saw
31:31 Heavy Plow
31:58 Stone Mining
38:02 Imperial Age
38:09 Cavalier
39:32 Plate Barding Armor
40:43 Crop Rotation
39:44 Paladin
40:58 Hand Cart
42:00 Two-Man Saw
40:45 Light Cavalry
42:28 Conscription
42:26 Hussar
47:45 Caravan
Connection lost

Rejoining the realm…

Still unreachable

The connection could not be restored.

Session expired

The server has moved on; the page needs a fresh start.